 Dungeon Crawl Stone Soup version 0.30-a0-629-gd54f4be4f7 (webtiles) character file.

Game seed: 6874369490638238622

108 wormed the Sneak (level 5, -4/32 HPs)
             Began as a Kobold Brigand on Jan 12, 2023.
             Killed by divine providence
             ... invoked by an orc priest
              (14 damage)
             ... on level 2 of the Dungeon.
             The game lasted 00:02:24 (1416 turns).

wormed the Sneak (Kobold Brigand)                   Turns: 1416, Time: 00:02:25

Health: -4/32      AC:  3    Str:  8    XL:     5   Next: 12%
Magic:  5/5        EV: 15    Int: 13    God:
Gold:   120        SH:  0    Dex: 18    Spells: 4/4 levels left

rFire   . . .      SeeInvis .    a - +2 dagger
rCold   . . .      Faith    .    (no shield)
rNeg    . . .      Spirit   .    b - +0 robe
rPois   .          Reflect  .    (no helmet)
rElec   .          Harm     .    c - +0 cloak
rCorr   +          Rampage  .    (no gloves)
Will    .....                    (no boots)
Stlth   ++++                     (no amulet)
HPRegen 0.25/turn                k - ring of resist corrosion
MPRegen 0.09/turn                (no ring)

@: no status effects
A: small, no large weapons, nightstalker 3
a: no special abilities


You were on level 2 of the Dungeon.
You visited 1 branch of the dungeon, and saw 2 of its levels.

You collected 120 gold pieces.

Inventory:

Hand Weapons
 a - a +2 dagger (weapon)
Missiles
 d - 9 poisoned darts (quivered)
 e - 3 curare-tipped darts
Armour
 b - a +0 robe (worn)
 c - a +0 cloak (worn)
Jewellery
 k - a ring of resist corrosion (left hand)
 o - a ring of flight
Scrolls
 g - a scroll of brand weapon {unknown}
 n - a scroll of fog
Potions
 f - a potion of flight {unknown}
 h - a potion of mutation {unknown}
 i - a potion of cancellation
 j - a potion of brilliance {unknown}
 l - 2 potions of curing {unknown}
 m - a potion of degeneration {unknown}


   Skills:
 + Level 2.9 Fighting
 * Level 4.3 Short Blades
 + Level 2.9 Throwing
 + Level 2.4 Dodging
 + Level 5.9 Stealth


You had 4 spell levels left.
You didn't know any spells.
Your spell library was empty.

Dungeon Overview and Level Annotations

Branches:
Dungeon (2/15)

Altars:


Innate Abilities, Weirdness & Mutations

You are small and have problems with some larger weapons.
You are completely attuned to the shadows.


Message History

No target in view!
Things that are here:
a +0 short sword; a +0 leather armour; an orc corpse
Found a puce potion.
The orc priest shouts!
An orc priest is nearby!
An orc priest is nearby!
You barely miss the orc priest.
The orc shouts!
The orc priest completely misses you.
You hit the orc priest.
The orc priest is moderately wounded.
The orc priest completely misses you.
You hit the orc priest but do no damage.
The orc priest is moderately wounded.
You hit the orc priest.
The orc priest is heavily wounded.
The orc priest barely misses you.
You closely miss the orc priest.
The orc priest is heavily wounded.
The orc priest hits you with a +0 short sword.
The orc closely misses you.
You completely miss the orc priest.
The orc priest is moderately wounded.
The orc priest mumbles some strange prayers to Beogh against you.
Beogh smites you! The orc hits you with a +0 club.
You barely miss the orc priest.
The orc priest is moderately wounded.
You hit the orc priest.
The orc priest is severely wounded.
The orc priest barely misses you. The orc hits you with a +0 club.
You closely miss the orc priest.
The orc priest is severely wounded.
The orc priest mumbles some strange prayers to Beogh against you.
Pain shoots through your body! The orc misses you.
You hit the orc priest but do no damage.
The orc priest is severely wounded.
The orc priest mumbles some strange prayers to Beogh against you.
Beogh smites you!
You die...

†.............#
...)..........#
##....<.......#
#............####
#....)...........
##...........#######.
.....................
.....).......#....!..
.............#..@o...
.............#...o...
.......#######.......
.......# #.......
######## #....... # #
#


You could see an orc priest and an orc.

Vanquished Creatures
  An orc priest (D:2)
  3 adders (D:2)
  A worm (D:2)
  2 dart slugs
  2 orcs (D:2)
  2 ball pythons
  3 endoplasms
  2 giant cockroaches
  4 goblins
  5 hobgoblins
  5 jackals (D:2)
  2 kobolds
  2 quokkas
  4 bats
  3 frilled lizards (D:1)
41 creatures vanquished.

Notes
Turn   | Place    | Note
-------+----------+-------------------------------------------
     0 | D:1      | wormed the Kobold Brigand began the quest for the Orb.
     0 | D:1      | Reached XP level 1. HP: 12/12 MP: 1/1
   415 | D:1      | Reached XP level 2. HP: 15/17 MP: 2/2
   804 | D:2      | Reached XP level 3. HP: 22/22 MP: 3/3
  1057 | D:2      | Reached XP level 4. HP: 21/27 MP: 4/4
  1274 | D:2      | Reached XP level 5. HP: 32/32 MP: 5/5
  1416 | D:2      | Killed from afar by an orc priest

Illustrated notes

Levels and vault maps discovered:
D:1:      nzn_arrival_water_spiral, layout_loops_ring, hangedman_feature_mirror,
          chequers_serial_rivers_room_a
D:2:      cheibrodos_pilgrimage, layout_basic, nicolae_elevator_lobby_asterisk

Skill      XL: |  1  2  3 |
---------------+----------+-----
Short Blades   | 3 4 |  4.3
Dodging        | 2 |  2.4
Fighting       | |  2.9
Throwing       | |  2.9
Stealth        | |  5.9

Action                   |  1- 3 |  4- 6 || total
-------------------------+-------+-------++-------
Melee: Dagger            |    73 |    62 ||   135
  Use: Scroll            |     3 |     1 ||     4
 Stab: Sleeping          |    10 |     8 ||    18
Armor: Robe              |    14 |     6 ||    20
Dodge: Dodged            |    54 |    42 ||    96

Table legend: (Time is in decaauts)
 A = Elapsed time spent in this place.
 B = Non-inter-level travel time spent in this place.
 C = Inter-level travel time spent in this place.
 D = Time resting spent in this place.
 E = Time spent auto-exploring this place.
 F = Levels seen in this place.
 G = Mean time per level.
                   A        B        C        D        E       F      G
               +--------+--------+--------+--------+--------+-----+--------+
         Total |   1390 |   1366 |     24 |      0 |   1102 |   2 |  695.0 |
       Dungeon |   1390 |   1366 |     24 |      0 |   1102 |   2 |  695.0 |
               +--------+--------+--------+--------+--------+-----+--------+

Top non-repeatable levels by time:
     D:1: 789 daAuts
     D:2: 601 daAuts
